ITL
DETROIT X-WINGS @ BIRMINGHAM BARONS
09/27/2025
 
TOP OF THE 1ST
Detroit X-Wings batting - Pitching for Birmingham Barons : RHP Stanley Briggs
Pitching: RHP Stanley Briggs
Batting: RHB Gary Witt 0-0: Ball
1-0: SINGLE (Line Drive, 89M)
Batting: RHB Diego Ocampo 0-0: Called Strike
0-1: Ball
1-1: Ball
2-1: Ball
3-1: Called Strike
3-2: Foul Ball, location: 2F
3-2: Fly out, F4 (Popup, 34D)
Batting: LHB Gonzalo Trujillo 0-0: Ball
1-0: Fly out, F8 (Flyball, 8RD)
Batting: RHB Jorge Cora 0-0: Ground out 1-3 (Groundball, 15)
Top of the 1st over - 0 run(s), 1 hit(s), 0 error(s), 1 left on base; Detroit 0 - Birmingham 0
BOTTOM OF THE 1ST
Birmingham Barons batting - Pitching for Detroit X-Wings : RHP Art Kelley
Pitching: RHP Art Kelley
Batting: SHB Anastasio Ortíz 0-0: Ball
1-0: Foul Ball, location: 2F
1-1: Ground out 4-3 (Groundball, 4)
Batting: RHB Vicente Elías 0-0: Ball
1-0: Ball
2-0: Called Strike
2-1: Ball
3-1: DOUBLE (Groundball, 5L)
Batting: RHB Raúl Soto 0-0: Foul Ball, location: 2F
0-1: Ball
1-1: Ball
2-1: Swinging Strike
2-2: Foul Ball, location: 2F
2-2: Ground out 6-3 (Groundball, 6)
Vicente Elías to third
Batting: LHB José Martínez 0-0: Ball
1-0: Ball
2-0: Ball
3-0: Called Strike
3-1: Foul Ball, location: 2F
3-2: Foul Ball, location: 2F
3-2: Foul Ball, location: 2F
3-2: Foul Ball, location: 2F
3-2: SINGLE (Line Drive, 7S)
Vicente Elías scores
Batting: RHB Manny Sánchez 0-0: Ball
1-0: Called Strike
1-1: Called Strike
1-2: Ball
2-2: Fielders Choice at 2nd, U6 (Groundball, 6M)
Bottom of the 1st over - 1 run(s), 2 hit(s), 0 error(s), 1 left on base; Detroit 0 - Birmingham 1
TOP OF THE 2ND
Detroit X-Wings batting - Pitching for Birmingham Barons : RHP Stanley Briggs
Batting: SHB Jaime Montés 0-0: Called Strike
0-1: Swinging Strike
0-2: Ball
1-2: Strikes out swinging
Batting: RHB Enrique Ramírez 0-0: Foul Ball, location: 2F
0-1: Ball
1-1: SINGLE (Line Drive, 7S)
Batting: LHB Jeremy Cox 0-0: SINGLE (Line Drive, 4MD)
Enrique Ramírez to second
Batting: SHB Chris Byrd 0-0: Foul Ball, location: 2F
0-1: Ball
1-1: Ball
2-1: Foul Ball, location: 2F
2-2: Foul Ball, location: 2F
2-2: Ball
3-2: Ground out 5-3 (Groundball, 5S)
Enrique Ramírez to third
Jeremy Cox to second
Batting: RHB Raúl Canó 0-0: Ball
1-0: Fly out, F8 (Flyball, 8RM)
Top of the 2nd over - 0 run(s), 2 hit(s), 0 error(s), 2 left on base; Detroit 0 - Birmingham 1
BOTTOM OF THE 2ND
Birmingham Barons batting - Pitching for Detroit X-Wings : RHP Art Kelley
Batting: RHB Jean-Paul St-Pierre 0-0: Ball
1-0: Called Strike
1-1: Swinging Strike
1-2: Foul Ball, location: 2F
1-2: SINGLE (Line Drive, 6MD)
Batting: LHB José Hernández 0-0: Called Strike
0-1: Ground out 3-1 (Groundball, 34)
Jean-Paul St-Pierre to second
Batting: LHB Ben Kelley 0-0: Ball
1-0: Called Strike
1-1: SINGLE (Groundball, 6M)
Jean-Paul St-Pierre to third
Runner from 3rd tries for Home, SAFE, no throw or cutoff
Batting: LHB Curt Causton 0-0: Ball
1-0: Ball
2-0: Fly out, F7 (Flyball, 7LM)
Batting: SHB Anastasio Ortíz 0-0: Called Strike
0-1: Foul Ball, location: 2F
0-2: Ground out 4-3 (Groundball, 4)
Bottom of the 2nd over - 1 run(s), 2 hit(s), 0 error(s), 1 left on base; Detroit 0 - Birmingham 2
TOP OF THE 3RD
Detroit X-Wings batting - Pitching for Birmingham Barons : RHP Stanley Briggs
Batting: RHB Gary Witt 0-0: Ball
1-0: Ground out 6-3 (Groundball, 4M)
Batting: RHB Diego Ocampo 0-0: Called Strike
0-1: Foul Ball, location: 2F
0-2: Strikes out looking
Batting: LHB Gonzalo Trujillo 0-0: Fly out, F4 (Line Drive, 4MD)
Top of the 3rd over - 0 run(s), 0 hit(s), 0 error(s), 0 left on base; Detroit 0 - Birmingham 2
BOTTOM OF THE 3RD
Birmingham Barons batting - Pitching for Detroit X-Wings : RHP Art Kelley
Batting: RHB Vicente Elías 0-0: Called Strike
0-1: Called Strike
0-2: Foul Ball, location: 2F
0-2: Ball
1-2: Ball
2-2: Foul Ball, location: 2F
2-2: Foul Ball, location: 2F
2-2: Foul Ball, location: 2F
2-2: Fly out, F7 (Flyball, 7LM)
Batting: RHB Raúl Soto 0-0: Ball
1-0: Called Strike
1-1: SINGLE (Flyball, 9LS)
Batting: LHB José Martínez 0-0: Ball
1-0: Ball
2-0: Swinging Strike
2-1: Ball
3-1: Ground out U3 (Groundball, 3S)
Raúl Soto to second
Pitching: RHP Ralph Bascombe
Batting: RHB Manny Sánchez 0-0: Ball
1-0: Called Strike
1-1: Ball
2-1: Called Strike
2-2: Strikes out looking
Bottom of the 3rd over - 0 run(s), 1 hit(s), 0 error(s), 1 left on base; Detroit 0 - Birmingham 2
TOP OF THE 4TH
Detroit X-Wings batting - Pitching for Birmingham Barons : RHP Stanley Briggs
Batting: RHB Jorge Cora 0-0: Ball
1-0: Ground out 4-3 (Groundball, 4)
Batting: SHB Jaime Montés 0-0: Swinging Strike
0-1: Called Strike
0-2: Strikes out swinging
Batting: RHB Enrique Ramírez 0-0: Ball
1-0: Ball
2-0: Ball
3-0: Called Strike
3-1: Ground out 5-3 (Groundball, 56)
Top of the 4th over - 0 run(s), 0 hit(s), 0 error(s), 0 left on base; Detroit 0 - Birmingham 2
BOTTOM OF THE 4TH
Birmingham Barons batting - Pitching for Detroit X-Wings : RHP Ralph Bascombe
Batting: RHB Jean-Paul St-Pierre 0-0: Swinging Strike
0-1: Ground out 4-3 (Groundball, 34)
Batting: LHB José Hernández 0-0: Called Strike
0-1: Called Strike
0-2: Strikes out looking
Batting: LHB Ben Kelley 0-0: Ball
1-0: Reached on error, E5 (Groundball, 56)
Batting: LHB Curt Causton 0-0: Fly out, F8 (Line Drive, 8LM)
Bottom of the 4th over - 0 run(s), 0 hit(s), 1 error(s), 1 left on base; Detroit 0 - Birmingham 2
TOP OF THE 5TH
Detroit X-Wings batting - Pitching for Birmingham Barons : RHP Stanley Briggs
Batting: LHB Jeremy Cox 0-0: Ground out 4-3 (Groundball, 4)
Batting: SHB Chris Byrd 0-0: Ball
1-0: Called Strike
1-1: Ball
2-1: Foul Ball, location: 2F
2-2: Fly out, F5 (Popup, 5SF)
Batting: RHB Raúl Canó 0-0: Ball
1-0: Ball
2-0: Ball
3-0: Called Strike
3-1: Base on Balls
Batting: RHB Gary Witt 0-0: Called Strike
Raúl Canó steals 2nd base
0-1: Foul Ball, location: 2F
0-2: Ball
1-2: Foul Ball, location: 2F
1-2: Ball
2-2: Foul Ball, location: 2F
2-2: Fly out, F9 (Flyball, 9S)
Top of the 5th over - 0 run(s), 0 hit(s), 0 error(s), 1 left on base; Detroit 0 - Birmingham 2
BOTTOM OF THE 5TH
Birmingham Barons batting - Pitching for Detroit X-Wings : RHP Ralph Bascombe
Batting: SHB Anastasio Ortíz 0-0: Ball
1-0: DOUBLE (Groundball, 3L)
Batting: RHB Vicente Elías 0-0: Swinging Strike
0-1: Reached on error, E5 (Groundball, 56S)
Anastasio Ortíz to third
Batting: RHB Raúl Soto 0-0: Ball
1-0: Reached on error, E6 (Groundball, 6M)
Anastasio Ortíz scores
Vicente Elías to second
Batting: LHB José Martínez 0-0: Ball
1-0: Foul Ball, location: 2F
1-1: DOUBLE (Line Drive, 89D)
Vicente Elías scores
Raúl Soto to third
Runner from 3rd tries for Home, SAFE, throw made home
Batting: RHB Manny Sánchez 0-0: Reached on error, E5 (Groundball, 56)
José Martínez scores
Batting: RHB Jean-Paul St-Pierre 0-0: Swinging Strike
0-1: Ball
1-1: Ball
2-1: Ball
3-1: Base on Balls
Batting: LHB José Hernández 0-0: Ball
1-0: Ball
2-0: Grounds into double play, 4-6-3 (Groundball, 34)
Manny Sánchez to third
Batting: LHB Ben Kelley 0-0: Called Strike
0-1: Ball
1-1: Ball
2-1: Ground out 6-3 (Groundball, 6)
Bottom of the 5th over - 4 run(s), 2 hit(s), 3 error(s), 1 left on base; Detroit 0 - Birmingham 6
TOP OF THE 6TH
Detroit X-Wings batting - Pitching for Birmingham Barons : RHP Stanley Briggs
Batting: RHB Diego Ocampo 0-0: Called Strike
0-1: Ground out 6-3 (Groundball, 6M)
Batting: LHB Gonzalo Trujillo 0-0: Called Strike
0-1: Swinging Strike
0-2: Ball
1-2: Strikes out swinging
Batting: RHB Jorge Cora 0-0: Called Strike
0-1: Called Strike
0-2: Strikes out looking
Top of the 6th over - 0 run(s), 0 hit(s), 0 error(s), 0 left on base; Detroit 0 - Birmingham 6
BOTTOM OF THE 6TH
Birmingham Barons batting - Pitching for Detroit X-Wings : RHP Ralph Bascombe
Pitching: RHP Alejandro Collazo
Batting: LHB Curt Causton 0-0: Foul Ball, location: 2F
0-1: DOUBLE (Line Drive, 3L)
Batting: SHB Anastasio Ortíz 0-0: Ball
1-0: Ball
2-0: Called Strike
2-1: Foul Ball, location: 2F
2-2: Ball
Single, Error in OF, E9, batter to second base
Curt Causton scores
Batting: RHB Vicente Elías 0-0: Ground out 6-3 (Groundball, 6D)
Batting: RHB Raúl Soto 0-0: Foul Ball, location: 2F
0-1: Ball
1-1: Ball
2-1: Ball
3-1: Base on Balls
Batting: LHB José Martínez 0-0: Ball
1-0: Swinging Strike
1-1: Ball
2-1: Called Strike
2-2: Grounds into double play, 6-4-3 (Groundball, 6)
Bottom of the 6th over - 1 run(s), 2 hit(s), 1 error(s), 1 left on base; Detroit 0 - Birmingham 7
TOP OF THE 7TH
Detroit X-Wings batting - Pitching for Birmingham Barons : RHP Stanley Briggs
Batting: SHB Jaime Montés 0-0: Called Strike
0-1: Swinging Strike
0-2: Ball
1-2: Foul Ball, location: 2F
1-2: Ball
2-2: Strikes out swinging
Batting: RHB Enrique Ramírez 0-0: Ball
1-0: Ball
2-0: Swinging Strike
2-1: Foul Ball, location: 2F
2-2: Ball
3-2: Foul Ball, location: 2F
3-2: Base on Balls
Batting: LHB Jeremy Cox 0-0: Called Strike
0-1: Called Strike
0-2: Strikes out looking
Batting: SHB Chris Byrd 0-0: Ball
1-0: Ball
2-0: Foul Ball, location: 2F
2-1: Fly out, F8 (Flyball, 78M)
Top of the 7th over - 0 run(s), 0 hit(s), 0 error(s), 1 left on base; Detroit 0 - Birmingham 7
BOTTOM OF THE 7TH
Birmingham Barons batting - Pitching for Detroit X-Wings : RHP Alejandro Collazo
Batting: RHB Manny Sánchez 0-0: DOUBLE (Flyball, 89XD)
Batting: RHB Jean-Paul St-Pierre 0-0: Ball
1-0: Called Strike
1-1: Swinging Strike
1-2: Strikes out swinging
Batting: LHB José Hernández 0-0: Ball
1-0: Ball
2-0: Foul Ball, location: 2F
2-1: Ball
3-1: SINGLE (Flyball, 78S)
Manny Sánchez to third
Runner from 3rd tries for Home, SAFE, throw made home
Pitching: RHP Tony Guerrero
Batting: LHB Ben Kelley 0-0: Ball
1-0: Ball
2-0: Ball
3-0: Called Strike
3-1: Base on Balls
José Hernández to second
Batting: LHB Curt Causton 0-0: Ball
1-0: Swinging Strike
1-1: Called Strike
1-2: Ground out U3 (Groundball, 3S)
José Hernández to third
Ben Kelley to second
Batting: SHB Anastasio Ortíz 0-0: Ball
1-0: Foul Ball, location: 2F
1-1: Called Strike
1-2: Strikes out looking
Bottom of the 7th over - 1 run(s), 2 hit(s), 0 error(s), 2 left on base; Detroit 0 - Birmingham 8
TOP OF THE 8TH
Detroit X-Wings batting - Pitching for Birmingham Barons : RHP Stanley Briggs
Now at 1B: Juan Jiménez
Batting: RHB Raúl Canó 0-0: DOUBLE (Flyball, 89D)
Batting: RHB Gary Witt 0-0: Ball
1-0: Called Strike
1-1: Foul Ball, location: 2F
1-2: Ball
2-2: Ball
3-2: Foul Ball, location: 2F
3-2: SINGLE (Line Drive, 6D)
Raúl Canó to third
Pitching: LHP Richard Simpson
Batting: RHB Diego Ocampo 0-0: Called Strike
0-1: Ball
1-1: Ball
2-1: Ball
3-1: Foul Ball, location: 2F
3-2: Base on Balls
Gary Witt to second
Batting: LHB Gonzalo Trujillo 0-0: Called Strike
0-1: Ball
1-1: SINGLE (Line Drive, 9S)
Raúl Canó scores
Gary Witt to third
Diego Ocampo to second
Pinch Hitting: RHB Jaime Contreras 0-0: Called Strike
0-1: Called Strike
0-2: Foul Ball, location: 2F
0-2: Foul Ball, location: 2F
0-2: Ball
1-2: Strikes out swinging
Pinch Hitting: RHB Vincente Encarnación 0-0: Grounds into double play, 5-4-3 (Groundball, 56)
Top of the 8th over - 1 run(s), 3 hit(s), 0 error(s), 2 left on base; Detroit 1 - Birmingham 8
BOTTOM OF THE 8TH
Birmingham Barons batting - Pitching for Detroit X-Wings : RHP Tony Guerrero
Now at 1B: Vincente Encarnación
Now in CF: Jaime Contreras
Batting: RHB Vicente Elías 0-0: Called Strike
0-1: Ball
1-1: Foul Ball, location: 2F
1-2: Strikes out looking
Batting: RHB Raúl Soto 0-0: Ball
1-0: Ball
2-0: Called Strike
2-1: Called Strike
2-2: Ball
3-2: Base on Balls
Batting: LHB José Martínez 0-0: Called Strike
0-1: Ball
1-1: Foul Ball, location: 2F
1-2: SINGLE (Groundball, 6MD)
Raúl Soto to second
Batting: RHB Manny Sánchez 0-0: Called Strike
0-1: Ball
1-1: Swinging Strike
1-2: Ball
2-2: Grounds into double play, 5-4-3 (Groundball, 5)
Bottom of the 8th over - 0 run(s), 1 hit(s), 0 error(s), 1 left on base; Detroit 1 - Birmingham 8
TOP OF THE 9TH
Detroit X-Wings batting - Pitching for Birmingham Barons : LHP Richard Simpson
Batting: RHB Enrique Ramírez 0-0: Ball
1-0: Called Strike
1-1: Ball
2-1: DOUBLE (Groundball, 5L)
Batting: LHB Jeremy Cox 0-0: Swinging Strike
0-1: Ball
1-1: Ball
2-1: Called Strike
2-2: Ball
3-2: Foul Ball, location: 2F
3-2: Foul Ball, location: 2F
3-2: Strikes out looking
Batting: SHB Chris Byrd 0-0: Fly out, F9 (Flyball, 89M)
Batting: RHB Raúl Canó 0-0: Called Strike
0-1: Ball
1-1: Ball
2-1: 2-RUN HOME RUN (Flyball, 9D), Distance : 362 ft
Pitching: RHP Jim Hicks
Batting: RHB Gary Witt 0-0: Called Strike
0-1: Foul Ball, location: 2F
0-2: Ball
1-2: Ball
2-2: Ball
3-2: Strikes out looking
Top of the 9th over - 2 run(s), 2 hit(s), 0 error(s), 0 left on base; Detroit 3 - Birmingham 8
This league is powered by Out of the Park Baseball, the baseball management simulation game for PC, Mac and Linux
Tuesday, August 2nd, 2016 - OOTP Baseball 16.8 Build 38